 Dungeon Crawl Stone Soup version 0.29-a0-1065-g47a6bb87d6 (webtiles) character file.

Game seed: 6805432319181881005

789 freelancePsychic the Caller (level 7, -1/51 HPs)
             Began as a Gnoll Summoner on Aug 18, 2022.
             Was an Initiate of Gozag.
             Killed by divine providence
             ... invoked by an orc priest
              (16 damage)
             ... on level 4 of the Dungeon.
             The game lasted 00:06:01 (4019 turns).

freelancePsychic the Caller (Gnoll Summoner)        Turns: 4019, Time: 00:06:02

Health: -1/51      AC:  3    Str:  8    XL:     7   Next: 87%
Magic:  3/15       EV: 13    Int: 16    God:    Gozag
Gold:   384        SH:  0    Dex: 12    Spells: 10/17 levels left

rFire   . . .      SeeInvis .   k - +0 dagger (venom)
rCold   . . .      Faith    .   (no shield)
rNeg    . . .      Spirit   .   a - +0 robe
rPois   .          Reflect  .   (no helmet)
rElec   .          Harm     .   (no cloak)
rCorr   .          Rampage  .   l - +0 pair of gloves
Will    .....                   (no boots)
Stlth   +++.......              (no amulet)
HPRegen 0.17/turn               (no ring)
MPRegen 0.14/turn               (no ring)

@: gold aura
A: fangs 1, strong nose, distributed training
a: Renounce Religion, Potion Petition, Call Merchant, Bribe Branch


You were on level 4 of the Dungeon.
You worshipped Gozag.
Gozag was aware of your devotion.
You visited 1 branch of the dungeon, and saw 4 of its levels.

You collected 453 gold pieces.
You spent 50 gold pieces at shops.
You paid 19 gold pieces to Gozag.

Inventory:

Hand Weapons
 h - a +0 spear
 k - a +0 dagger of venom (weapon)
Missiles
 f - 5 javelins
Armour
 a - a +0 robe (worn)
 l - a +0 pair of gloves (worn)
Scrolls
 g - a scroll of teleportation {@r4}
 j - 2 scrolls of poison {unknown}
 m - a scroll of enchant weapon
 n - a scroll of fear
 o - 2 scrolls of identify {@r1}
Potions
 b - 2 potions of magic
 c - a potion of invisibility {unknown}
 d - a potion of cancellation {unknown}
 e - 2 potions of degeneration {unknown}
 i - a potion of ambrosia {unknown}
 p - a potion of haste {unknown}
 q - 2 potions of flight {unknown}
 r - 2 potions of might {unknown}


   Skills:
 + Level 2.9 Fighting
 + Level 2.9 Short Blades
 + Level 2.9 Long Blades
 + Level 2.9 Axes
 + Level 2.9 Maces & Flails
 + Level 2.9 Polearms
 + Level 2.9 Staves
 + Level 2.9 Ranged Weapons
 + Level 2.9 Throwing
 + Level 2.9 Armour
 + Level 5.4 Dodging
 + Level 5.1 Stealth
 + Level 2.9 Shields
 + Level 2.9 Unarmed Combat
 + Level 5.8 Spellcasting
 + Level 2.3 Conjurations
 + Level 2.3 Hexes
 + Level 7.5 Summonings
 + Level 2.3 Necromancy
 + Level 2.3 Translocations
 + Level 2.3 Transmutations
 + Level 2.3 Fire Magic
 + Level 2.3 Ice Magic
 + Level 2.3 Air Magic
 + Level 2.3 Earth Magic
 + Level 2.3 Poison Magic
 + Level 3.2 Invocations
 + Level 2.9 Evocations


You had 10 spell levels left.
You knew the following spells:

 Your Spells              Type           Power      Damage    Failure   Level
a - Summon Small Mammal   Summ           100%       N/A       1%          1
b - Call Canine Familiar  Summ           28%        N/A       1%          3
c - Summon Guardian Gole  Hex/Summ       20%        N/A       5%          3

Your spell library contained the following spells:

 Spells                   Type           Power      Damage    Failure   Level
 Call Imp                 Summ           28%        N/A       1%          2
 Summon Lightning Spire   Summ/Air       20%        N/A       19%         4


Dungeon Overview and Level Annotations

Branches:
Dungeon (4/15)
 Temple: D:4-7

Altars:
Gozag

Shops:
D:1 *   D:2 :


Innate Abilities, Weirdness & Mutations

You have very sharp teeth.
Your uncanny sense of smell can sniff out nearby items.
Your experience applies equally to all skills.


Message History

You closely miss something.
The orc priest hits your guardian golem but does no damage.
The orc closely misses you. The orc barely misses your hound.
You hear some strange, mumbled words.
A magic dart appears from out of thin air!
The magic dart hits you.
Your hound barely misses the orc.
You barely miss something. Your bite misses something. The orc misses you.
The orc hits your hound but does no damage.
You hear some strange, mumbled words.
A puff of flame appears from out of thin air!
The puff of flame hits you!
Your hound bites the orc.
The orc dies!
You closely miss something. Something hits you.
* * * LOW HITPOINT WARNING * * *
The orc misses your hound.
You miss something.
Your hound barely misses something.
The orc hits your hound with a +0 hand axe!
Something completely misses you.
Your hound bites something but does no damage.
You miss something.
Your guardian golem disappears in a puff of smoke!
Your hound closely misses something.
The orc is distracted by your dazzling golden aura.
Something hits your hound.
The orc shouts!
You closely miss something.
The orc is no longer distracted by gold.
Your hound bites something but does no damage.
The orc hits your hound with a +0 hand axe.
Your hound dies!
Your hound's corpse disappears in a puff of smoke!
Something hits you.
* * * LOW HITPOINT WARNING * * *
Casting: Call Canine Familiar (safe; 1% risk of failure)
Confirm with . or Enter, or press ? or * to list all spells.
Something hits you but does no damage.
The orc priest mumbles some strange prayers to Beogh against you.
Beogh smites you!
You die...
Your body crumbles into a pile of gold.

..# #..# #..# #...##
#..### ###......
#...####........
#.............. $
#...........>.5
#.hoo...§......
##..§{.......... #....#
#...@########... #....#
##...## .. #[...#
#...### . ##....##
#.....#
#......#####...###
..........###...##
.........###.....# ###
..))).......###..#####.#
###.......##......##..##


You could see an orc priest, an orc (ally target) and a friendly hound
(summoned).

Vanquished Creatures
  A lemure (D:4)
  An orc priest (D:4)
  An orc wizard (D:4)
  An adder (D:4)
  2 dart slugs
  4 orcs (D:4)
  3 ball pythons
  2 endoplasms (D:2)
  A jackal (D:2)
  3 quokkas
  2 bats
  2 frilled lizards
  A goblin (D:1)
  A kobold (D:2)
  3 rats
28 creatures vanquished.

Vanquished Creatures (collateral kills)
  Pikel (D:4)
  A phantom (D:3)
  An orc priest (D:4)
  An orc wizard (D:4)
  3 gnolls (D:3)
  4 adders
  A worm (D:2)
  10 orcs
  6 endoplasms
  2 goblins
  4 hobgoblins
  A jackal (D:2)
  3 kobolds
  7 ball pythons
  4 bats
  3 frilled lizards
  7 rats
59 creatures vanquished.

Vanquished Creatures (others)
  3 lemures (D:4)
3 creatures vanquished.

Grand Total: 90 creatures vanquished

Notes
Turn   | Place    | Note
-------+----------+-------------------------------------------
     0 | D:1      | freelancePsychic the Gnoll Summoner began the quest for the
                  | Orb.
     0 | D:1      | Reached XP level 1. HP: 13/13 MP: 6/6
   350 | D:1      | Reached XP level 2. HP: 17/19 MP: 4/7
   483 | D:1      | Found Ritz's General Store.
   511 | D:1      | Bought a scroll of identify for 20 gold pieces
   511 | D:1      | Bought a scroll of teleportation for 30 gold pieces
  1139 | D:2      | Found Pujemn's Book Emporium.
  1245 | D:2      | Reached skill level 5 in Spellcasting
  1245 | D:2      | Reached XP level 3. HP: 22/25 MP: 5/9
  1253 | D:2      | Learned a level 3 spell: Call Canine Familiar
  1257 | D:2      | Learned a level 3 spell: Summon Guardian Golem
  1344 | D:2      | Found an opulent altar of Gozag.
  1350 | D:2      | Reached skill level 1 in Invocations
  1565 | D:2      | Reached skill level 1 in Fighting
  1565 | D:2      | Reached skill level 1 in Short Blades
  1565 | D:2      | Reached skill level 1 in Long Blades
  1565 | D:2      | Reached skill level 1 in Axes
  1565 | D:2      | Reached skill level 1 in Maces & Flails
  1565 | D:2      | Reached skill level 1 in Polearms
  1565 | D:2      | Reached skill level 1 in Staves
  1565 | D:2      | Reached skill level 1 in Ranged Weapons
  1565 | D:2      | Reached skill level 1 in Throwing
  1565 | D:2      | Reached skill level 1 in Armour
  1565 | D:2      | Reached skill level 1 in Shields
  1565 | D:2      | Reached skill level 1 in Unarmed Combat
  1565 | D:2      | Reached skill level 1 in Evocations
  1730 | D:2      | Found a faded altar of an unknown god.
  1888 | D:2      | Reached XP level 4. HP: 32/32 MP: 11/11
  2152 | D:2      | Became a worshipper of Gozag Ym Sagoz the Greedy
  2243 | D:3      | Reached skill level 1 in Conjurations
  2243 | D:3      | Reached skill level 1 in Hexes
  2243 | D:3      | Reached skill level 1 in Necromancy
  2243 | D:3      | Reached skill level 1 in Translocations
  2243 | D:3      | Reached skill level 1 in Transmutations
  2243 | D:3      | Reached skill level 1 in Fire Magic
  2243 | D:3      | Reached skill level 1 in Ice Magic
  2243 | D:3      | Reached skill level 1 in Air Magic
  2243 | D:3      | Reached skill level 1 in Earth Magic
  2243 | D:3      | Reached skill level 1 in Poison Magic
  2482 | D:3      | Found an opulent altar of Gozag.
  2696 | D:3      | Noticed a phantom
  2745 | D:3      | Killed a phantom
  2746 | D:3      | Reached XP level 5. HP: 22/37 MP: 5/12
  3361 | D:4      | Reached XP level 6. HP: 44/44 MP: 7/14
  3432 | D:4      | Reached skill level 5 in Dodging
  3966 | D:4      | Noticed Pikel
  3986 | D:4      | Killed Pikel
  3987 | D:4      | Reached skill level 5 in Stealth
  3987 | D:4      | Reached XP level 7. HP: 34/51 MP: 5/15
  4019 | D:4      | Killed from afar by an orc priest

Illustrated notes

Levels and vault maps discovered:
D:1:      lemuel_arrival_broad_hall, layout_loops_corners, serial_shops, shop,
          minmay_tiny_reverse_x
D:2:      layout_rooms, chequers_ecumenical_altar_simple, basic_altar,
          serial_shops, nicolae_diamond_shop, roderic_roman_lattice
D:3:      layout_rooms, grunt_gozag_breadcrumbs, kennysheep_decorative_pillar,
          dreamdust_mushroom_princess, chequers_jeans, grunt_decor_arrowhead,
          hex_intersection, minmay_statues_item
D:4:      layout_layer_cave, uniq_blork_the_orc, uniq_pikel,
          uniq_crazy_yiuf_cottage

Skill      XL: |  1  2  3  4  5  6 |
---------------+-------------------+-----
Spellcasting   | 5 |  5.8
Invocations    | 1 2 3 |  3.2
Fighting       | 1 2 |  2.9
Short Blades   | 1 2 |  2.9
Long Blades    | 1 2 |  2.9
Axes           | 1 2 |  2.9
Maces & Flails | 1 2 |  2.9
Polearms       | 1 2 |  2.9
Staves         | 1 2 |  2.9
Ranged Weapons | 1 2 |  2.9
Throwing       | 1 2 |  2.9
Armour         | 1 2 |  2.9
Shields        | 1 2 |  2.9
Unarmed Combat | 1 2 |  2.9
Evocations     | 1 2 |  2.9
Conjurations   | 1 2 |  2.3
Hexes          | 1 2 |  2.3
Necromancy     | 1 2 |  2.3
Translocations | 1 2 |  2.3
Transmutations | 1 2 |  2.3
Fire Magic     | 1 2 |  2.3
Ice Magic      | 1 2 |  2.3
Air Magic      | 1 2 |  2.3
Earth Magic    | 1 2 |  2.3
Poison Magic   | 1 2 |  2.3
Dodging        | 5 |  5.4
Stealth        | 5 |  5.1
Summonings     | |  7.5

Action                   |  1- 3 |  4- 6 |  7- 9 || total
-------------------------+-------+-------+-------++-------
Melee: Unarmed           |     2 |       |       ||     2
       Spear             |    36 |       |       ||    36
       Bite              |     1 |    12 |       ||    13
       Dagger            |       |    87 |    11 ||    98
       Punch             |       |     1 |       ||     1
 Cast: Summon Small Mamm |    35 |    13 |       ||    48
       Call Canine Famil |     4 |    12 |     2 ||    18
       Summon Guardian G |       |     7 |       ||     7
  Use: Scroll            |     1 |     2 |       ||     3
 Stab: Sleeping          |     2 |     5 |       ||     7
       Distracted        |       |     1 |       ||     1
Armor: Robe              |     2 |    14 |     1 ||    17
Dodge: Dodged            |    37 |    47 |     4 ||    88

Table legend: (Time is in decaauts)
 A = Elapsed time spent in this place.
 B = Non-inter-level travel time spent in this place.
 C = Inter-level travel time spent in this place.
 D = Time resting spent in this place.
 E = Time spent auto-exploring this place.
 F = Levels seen in this place.
 G = Mean time per level.
                   A        B        C        D        E       F      G
               +--------+--------+--------+--------+--------+-----+--------+
         Total |   4011 |   3819 |    192 |      0 |   3181 |   4 | 1002.8 |
       Dungeon |   4011 |   3819 |    192 |      0 |   3181 |   4 | 1002.8 |
               +--------+--------+--------+--------+--------+-----+--------+

Top non-repeatable levels by time:
     D:3: 1187 daAuts
     D:1: 1108 daAuts
     D:2: 1050 daAuts
     D:4: 664 daAuts
